TOP OF THE 1ST |
Burlington Royals batting - Pitching for Seattle (APP) Mariners : RHP Jamie Riley
|
Pitching: RHP Jamie Riley
|
|
Batting: RHB David Rubio
|
0-0: Ground out 6-3 (Groundball, 6, EV 90.0 MPH)
|
Batting: SHB Alex Cavazos
|
0-0: Ball 1-0: Fly out, F8 (Line Drive, 8LD, EV 106.2 MPH)
|
Batting: RHB Hugo Chavez
|
0-0: Swinging Strike 0-1: Called Strike 0-2: Strikes out swinging
|
Top of the 1st over - 0 runs, 0 hits, 0 errors, 0 left on base; Burlington 0 - Seattle (APP) 0 |
BOTTOM OF THE 1ST |
Seattle (APP) Mariners batting - Pitching for Burlington Royals : RHP Alex Rivas
|
Pitching: RHP Alex Rivas
|
|
Batting: RHB Chris Van Niel
|
0-0: Ball 1-0: Ball 2-0: Swinging Strike 2-1: Called Strike 2-2: Ball 3-2: Strikes out swinging
|
Batting: RHB John Vasquez
|
0-0: Called Strike 0-1: Ball 1-1: Ball 2-1: Ball 3-1: Called Strike 3-2: Foul Ball, location: 2F 3-2: Base on Balls
|
Batting: RHB Nick Edmunds
|
0-0: Swinging Strike 0-1: Swinging Strike 0-2: Strikes out looking
|
Batting: RHB Carlton McDonald
|
0-0: Called Strike 0-1: Called Strike 0-2: Ball John Vasquez steals 2nd base 1-2: Ball 2-2: Strikes out looking
|
Bottom of the 1st over - 0 runs, 0 hits, 0 errors, 1 left on base; Burlington 0 - Seattle (APP) 0 |
TOP OF THE 2ND |
Burlington Royals batting - Pitching for Seattle (APP) Mariners : RHP Jamie Riley
|
Batting: RHB Masakuni Takeuchi
|
0-0: Ball 1-0: Ball 2-0: Ball 3-0: Foul Ball, location: 2F 3-1: Called Strike 3-2: Foul Ball, location: 2F 3-2: Ground out 4-3 (Groundball, 4, EV 78.8 MPH)
|
Batting: RHB Juan Nieves
|
0-0: Foul Ball, location: 2F 0-1: Foul Ball, location: 2F 0-2: Ground out U3 (Groundball, 3, EV 103.8 MPH)
|
Batting: RHB Dermott Ayliffe
|
0-0: Ball 1-0: Swinging Strike 1-1: Ball 2-1: Foul Ball, location: 2F 2-2: Strikes out swinging
|
Top of the 2nd over - 0 runs, 0 hits, 0 errors, 0 left on base; Burlington 0 - Seattle (APP) 0 |
BOTTOM OF THE 2ND |
Seattle (APP) Mariners batting - Pitching for Burlington Royals : RHP Alex Rivas
|
Batting: RHB Nick Ellis
|
0-0: Ground out 6-3 (Groundball, 6MS, EV 81.2 MPH)
|
Batting: RHB Joaquin Salazar
|
0-0: Foul Ball, location: 2F 0-1: Called Strike 0-2: Ball 1-2: Ball 2-2: Fly out, F7 (Flyball, 7, EV 82.5 MPH)
|
Batting: RHB Ziven Badersky
|
0-0: Ground out 4-3 (Groundball, 34, EV 91.2 MPH)
|
Bottom of the 2nd over - 0 runs, 0 hits, 0 errors, 0 left on base; Burlington 0 - Seattle (APP) 0 |
TOP OF THE 3RD |
Burlington Royals batting - Pitching for Seattle (APP) Mariners : RHP Jamie Riley
|
Batting: RHB Carlos Castillo
|
0-0: Ground out 3-1 (Groundball, 13, EV 91.9 MPH)
|
Batting: SHB Glenn Harrison
|
0-0: Swinging Strike 0-1: Ball 1-1: Foul Ball, location: 2F 1-2: Ball 2-2: SINGLE (Flyball, 78S, EV 90.0 MPH)
|
Batting: RHB Angel Melendez
|
0-0: Called Strike 0-1: Ball 1-1: Ball 2-1: Ball 3-1: Swinging Strike 3-2: Foul Ball, location: 2F 3-2: Base on Balls Glenn Harrison to second
|
Batting: RHB David Rubio
|
0-0: Ball Wild Pitch! Glenn Harrison to third Angel Melendez to second 1-0: Ball 2-0: SINGLE (Line Drive, 7S, EV 106.2 MPH) Glenn Harrison scores Angel Melendez to third Runner from 3rd tries for Home, SAFE, throw by LF to home
|
Batting: SHB Alex Cavazos
|
0-0: Swinging Strike 0-1: Fly out, F9 (Line Drive, 9, EV 93.1 MPH)
|
Batting: RHB Hugo Chavez
|
0-0: Called Strike 0-1: SINGLE (Line Drive, 8RS, EV 96.9 MPH) David Rubio to second
|
Batting: RHB Masakuni Takeuchi
|
0-0: Ground out 4-3 (Groundball, 4, EV 75.6 MPH)
|
Top of the 3rd over - 2 runs, 3 hits, 0 errors, 2 left on base; Burlington 2 - Seattle (APP) 0 |
BOTTOM OF THE 3RD |
Seattle (APP) Mariners batting - Pitching for Burlington Royals : RHP Alex Rivas
|
Batting: RHB Rowan Prince
|
0-0: Swinging Strike 0-1: Swinging Strike 0-2: Ball 1-2: Ball 2-2: Ball 3-2: Strikes out looking
|
Batting: RHB Josh Carpenter
|
0-0: Bunt missed! 0-1: Called Strike 0-2: Strikes out swinging
|
Batting: RHB Chris Van Niel
|
0-0: Called Strike 0-1: SOLO HOME RUN (Line Drive, 78XD, EV 115.0 MPH), Distance : 423 ft
|
Batting: RHB John Vasquez
|
0-0: Ball 1-0: Swinging Strike 1-1: Ball 2-1: Ball 3-1: Base on Balls
|
Batting: RHB Nick Edmunds
|
0-0: Ball John Vasquez is caught stealing 2nd base 2-4
|
Bottom of the 3rd over - 1 run, 1 hit, 0 errors, 0 left on base; Burlington 2 - Seattle (APP) 1 |
TOP OF THE 4TH |
Burlington Royals batting - Pitching for Seattle (APP) Mariners : RHP Jamie Riley
|
Batting: RHB Juan Nieves
|
0-0: Foul Ball, location: 2F 0-1: Called Strike 0-2: Ball 1-2: Ball 2-2: Ball 3-2: Strikes out swinging
|
Batting: RHB Dermott Ayliffe
|
0-0: Ball 1-0: Called Strike 1-1: Ball 2-1: Ball 3-1: Foul Ball, location: 2F 3-2: Strikes out swinging
|
Batting: RHB Carlos Castillo
|
0-0: Fly out, F9 (Line Drive, 9S, EV 91.9 MPH)
|
Top of the 4th over - 0 runs, 0 hits, 0 errors, 0 left on base; Burlington 2 - Seattle (APP) 1 |
BOTTOM OF THE 4TH |
Seattle (APP) Mariners batting - Pitching for Burlington Royals : RHP Alex Rivas
|
Pitching: RHP Paul Gibbens
|
|
Batting: RHB Nick Edmunds
|
0-0: Ball 1-0: Called Strike 1-1: Ball 2-1: Reached on error, E5 (Groundball, 56, EV 76.2 MPH)
|
Batting: RHB Carlton McDonald
|
0-0: Ball 1-0: Foul Ball, location: 2F 1-1: Fly out, F7 (Flyball, 7, EV 88.8 MPH)
|
Batting: RHB Nick Ellis
|
0-0: Called Strike 0-1: Foul Ball, location: 2F 0-2: Strikes out swinging
|
Batting: RHB Joaquin Salazar
|
0-0: Called Strike 0-1: Foul Ball, location: 2F 0-2: Fly out, F8 (Flyball, 8LM, EV 80.6 MPH)
|
Bottom of the 4th over - 0 runs, 0 hits, 1 error, 1 left on base; Burlington 2 - Seattle (APP) 1 |
TOP OF THE 5TH |
Burlington Royals batting - Pitching for Seattle (APP) Mariners : RHP Jamie Riley
|
Batting: SHB Glenn Harrison
|
0-0: Foul Ball, location: 2F 0-1: SINGLE (Groundball, 34D, EV 104.4 MPH)
|
Batting: RHB Angel Melendez
|
0-0: SINGLE (Groundball, 6M, EV 101.9 MPH) (infield hit) Glenn Harrison to second
|
Batting: RHB David Rubio
|
0-0: Ball 1-0: Foul Ball, location: 2F 1-1: Ball 2-1: Ball 3-1: Called Strike 3-2: Ground out 5-3 (Groundball, 5S, EV 90.0 MPH) Glenn Harrison to third Angel Melendez to second
|
Batting: SHB Alex Cavazos
|
0-0: Foul Ball, location: 2F 0-1: Ball 1-1: Foul Ball, location: 2F 1-2: DOUBLE (Flyball, 7D, EV 96.2 MPH) Glenn Harrison scores Angel Melendez scores
|
Batting: RHB Hugo Chavez
|
0-0: Ball 1-0: Ball 2-0: Swinging Strike 2-1: Ground out 6-3 (Groundball, 6, EV 110.0 MPH)
|
Batting: RHB Masakuni Takeuchi
|
0-0: Ball 1-0: Ball 2-0: Called Strike 2-1: Called Strike 2-2: Foul Ball, location: 2F 2-2: Foul Ball, location: 2F 2-2: Ball 3-2: Foul Ball, location: 2F 3-2: Foul Ball, location: 2F 3-2: Strikes out swinging
|
Top of the 5th over - 2 runs, 3 hits, 0 errors, 1 left on base; Burlington 4 - Seattle (APP) 1 |
BOTTOM OF THE 5TH |
Seattle (APP) Mariners batting - Pitching for Burlington Royals : RHP Paul Gibbens
|
Batting: RHB Ziven Badersky
|
0-0: Ball 1-0: Called Strike 1-1: Foul Ball, location: 2F 1-2: SINGLE (Groundball, 56S, EV 68.1 MPH) (infield hit)
|
Batting: RHB Rowan Prince
|
0-0: Called Strike 0-1: Foul Ball, location: 2F 0-2: Fly out, F8 (Flyball, 8RD, EV 93.8 MPH)
|
Batting: RHB Josh Carpenter
|
0-0: Ball 1-0: Ball 2-0: Ball 3-0: Called Strike 3-1: Fielders Choice at 2nd, 3-6 (Groundball, 34S, EV 86.2 MPH)
|
Batting: RHB Chris Van Niel
|
0-0: Ball 1-0: Ball 2-0: Called Strike 2-1: Foul Ball, location: 2F 2-2: Foul Ball, location: 2F 2-2: Foul Ball, location: 2F 2-2: Ball 3-2: Base on Balls Josh Carpenter to second
|
Pitching: LHP Brett Reed
|
|
Batting: RHB John Vasquez
|
0-0: Swinging Strike 0-1: Foul Ball, location: 2F 0-2: Ball 1-2: Ball 2-2: Fly out, F7 (Flyball, BS3, EV 100.6 MPH)
|
Bottom of the 5th over - 0 runs, 1 hit, 0 errors, 2 left on base; Burlington 4 - Seattle (APP) 1 |
TOP OF THE 6TH |
Burlington Royals batting - Pitching for Seattle (APP) Mariners : RHP Jamie Riley
|
Batting: RHB Juan Nieves
|
0-0: Ball 1-0: Called Strike 1-1: DOUBLE (Line Drive, 89XD, EV 103.1 MPH)
|
Batting: RHB Dermott Ayliffe
|
0-0: Called Strike 0-1: Ball 1-1: Ball 2-1: Ball 3-1: Swinging Strike 3-2: Base on Balls
|
Pitching: RHP Domingo Maldonado
|
|
Batting: RHB Carlos Castillo
|
0-0: Called Strike 0-1: Ball 1-1: Swinging Strike 1-2: Reached on error, E5 (Groundball, 56, EV 101.2 MPH) Juan Nieves to third Dermott Ayliffe to second
|
Batting: SHB Glenn Harrison
|
0-0: Called Strike 0-1: Foul Ball, location: 2F 0-2: Foul Ball, location: 2F 0-2: Strikes out looking
|
Batting: RHB Angel Melendez
|
0-0: Ball 1-0: Called Strike 1-1: Foul Ball, location: 2F 1-2: Foul Ball, location: 2F 1-2: Strikes out swinging
|
Batting: RHB David Rubio
|
0-0: Ball 1-0: Called Strike 1-1: Ball 2-1: Ball 3-1: Foul Ball, location: 2F 3-2: Foul Ball, location: 2F 3-2: Foul Ball, location: 2F 3-2: Strikes out swinging
|
Top of the 6th over - 0 runs, 1 hit, 1 error, 3 left on base; Burlington 4 - Seattle (APP) 1 |
BOTTOM OF THE 6TH |
Seattle (APP) Mariners batting - Pitching for Burlington Royals : LHP Brett Reed
|
Batting: RHB Nick Edmunds
|
0-0: Ball 1-0: SINGLE (Groundball, 25, EV 70.6 MPH) (infield hit)
|
Batting: RHB Carlton McDonald
|
0-0: Foul Ball, location: 2F 0-1: Ball 1-1: Fly out, F7 (Flyball, 78D, EV 96.9 MPH)
|
Batting: RHB Nick Ellis
|
0-0: Ball Wild Pitch! Nick Edmunds to second 1-0: Ball 2-0: Ball 3-0: Called Strike 3-1: Called Strike 3-2: Strikes out swinging
|
Batting: RHB Joaquin Salazar
|
0-0: Called Strike 0-1: Called Strike 0-2: Ball Wild Pitch! Nick Edmunds to third 1-2: Fly out, F7 (Flyball, 78M, EV 73.1 MPH)
|
Bottom of the 6th over - 0 runs, 1 hit, 0 errors, 1 left on base; Burlington 4 - Seattle (APP) 1 |
TOP OF THE 7TH |
Burlington Royals batting - Pitching for Seattle (APP) Mariners : RHP Domingo Maldonado
|
Pitching: RHP Eric Dixon
|
|
Batting: SHB Alex Cavazos
|
0-0: Ball 1-0: Swinging Strike 1-1: Ball 2-1: Called Strike 2-2: Ball 3-2: Ground out U3 (Groundball, 13, EV 88.8 MPH)
|
Batting: RHB Hugo Chavez
|
0-0: Ball 1-0: Foul Ball, location: 2F 1-1: Ball 2-1: Swinging Strike 2-2: Strikes out looking
|
Batting: RHB Masakuni Takeuchi
|
0-0: Ball 1-0: DOUBLE (Flyball, 78D, EV 109.4 MPH)
|
Batting: RHB Juan Nieves
|
0-0: Ball 1-0: Ground out 4-3 (Groundball, 34, EV 110.6 MPH)
|
Top of the 7th over - 0 runs, 1 hit, 0 errors, 1 left on base; Burlington 4 - Seattle (APP) 1 |
BOTTOM OF THE 7TH |
Seattle (APP) Mariners batting - Pitching for Burlington Royals : LHP Brett Reed
|
Batting: RHB Ziven Badersky
|
0-0: Ball 1-0: Swinging Strike 1-1: Foul Ball, location: 2F 1-2: Foul Ball, location: 2F 1-2: Strikes out swinging
|
Batting: RHB Rowan Prince
|
0-0: Ball 1-0: Called Strike 1-1: Foul Ball, location: 2F 1-2: Foul Ball, location: 2F 1-2: SINGLE (Flyball, 8LS, EV 88.8 MPH)
|
Pitching: RHP Chance Griffin
|
|
Batting: RHB Josh Carpenter
|
0-0: Ball 1-0: Called Strike 1-1: Swinging Strike 1-2: Strikes out looking
|
Batting: RHB Chris Van Niel
|
0-0: Ball 1-0: Ball 2-0: Ball 3-0: Called Strike 3-1: Foul Ball, location: 2F 3-2: Ground out 5-3 (Groundball, 5, EV 85.0 MPH)
|
Bottom of the 7th over - 0 runs, 1 hit, 0 errors, 1 left on base; Burlington 4 - Seattle (APP) 1 |
TOP OF THE 8TH |
Burlington Royals batting - Pitching for Seattle (APP) Mariners : RHP Eric Dixon
|
Batting: RHB Dermott Ayliffe
|
0-0: Called Strike 0-1: Ball 1-1: Ground out 6-3 (Groundball, 56D, EV 85.6 MPH)
|
Batting: RHB Carlos Castillo
|
0-0: Ball 1-0: Fly out, F7 (Flyball, 7S, EV 93.1 MPH)
|
Batting: SHB Glenn Harrison
|
0-0: Ball 1-0: Ball 2-0: Called Strike 2-1: Foul Ball, location: 2F 2-2: Ball 3-2: Base on Balls
|
Pitching: RHP Victor Ocampo
|
|
Batting: RHB Angel Melendez
|
0-0: Ball 1-0: Called Strike Glenn Harrison is caught stealing 2nd base 2-4
|
Top of the 8th over - 0 runs, 0 hits, 0 errors, 0 left on base; Burlington 4 - Seattle (APP) 1 |
BOTTOM OF THE 8TH |
Seattle (APP) Mariners batting - Pitching for Burlington Royals : RHP Chance Griffin
|
Batting: RHB John Vasquez
|
0-0: Ball 1-0: Ball 2-0: Ball 3-0: Called Strike 3-1: Foul Ball, location: 2F 3-2: Foul Ball, location: 2F 3-2: Ground out 4-3 (Groundball, 4, EV 99.4 MPH)
|
Batting: RHB Nick Edmunds
|
0-0: Ball 1-0: Ground out 2-3 (Groundball, 2R, EV 73.8 MPH)
|
Batting: RHB Carlton McDonald
|
0-0: Called Strike 0-1: Ball 1-1: SINGLE (Groundball, 4D, EV 95.0 MPH)
|
Batting: RHB Nick Ellis
|
0-0: Ball 1-0: Ball 2-0: Ball 3-0: Base on Balls Carlton McDonald to second
|
Pitching: LHP Ken Milhouse
|
|
Batting: RHB Joaquin Salazar
|
0-0: Ground out 4-3 (Groundball, 4, EV 93.8 MPH)
|
Bottom of the 8th over - 0 runs, 1 hit, 0 errors, 2 left on base; Burlington 4 - Seattle (APP) 1 |
TOP OF THE 9TH |
Burlington Royals batting - Pitching for Seattle (APP) Mariners : RHP Victor Ocampo
|
Batting: RHB Angel Melendez
|
0-0: Foul Ball, location: 2F 0-1: Ball 1-1: Foul Ball, location: 2F 1-2: Strikes out swinging
|
Batting: RHB David Rubio
|
0-0: Called Strike 0-1: Foul Ball, location: 2F 0-2: Ball 1-2: Foul Ball, location: 2F 1-2: Foul Ball, location: 2F 1-2: Foul Ball, location: 2F 1-2: Foul Ball, location: 2F 1-2: Ball 2-2: Foul Ball, location: 2F 2-2: Strikes out swinging
|
Batting: SHB Alex Cavazos
|
0-0: Foul Ball, location: 2F 0-1: Fly out, F8 (Line Drive, 89M, EV 103.1 MPH)
|
Top of the 9th over - 0 runs, 0 hits, 0 errors, 0 left on base; Burlington 4 - Seattle (APP) 1 |
BOTTOM OF THE 9TH |
Seattle (APP) Mariners batting - Pitching for Burlington Royals : LHP Ken Milhouse
|
Batting: RHB Ziven Badersky
|
0-0: Ball 1-0: Called Strike 1-1: Ball 2-1: SINGLE (Popup, 3D, EV 45.6 MPH)
|
Pinch Hitting: SHB Carlos Luna
|
0-0: Called Strike 0-1: Ball 1-1: Foul Ball, location: 2F 1-2: Ball 2-2: Ball 3-2: Foul Ball, location: 2F 3-2: Foul Ball, location: 2F 3-2: Base on Balls Ziven Badersky to second
|
Pinch Hitting: LHB Yoshihisa Kobayashi
|
0-0: Ball Wild Pitch! Ziven Badersky to third Carlos Luna to second 1-0: Called Strike 1-1: Ball 2-1: Foul Ball, location: 2F 2-2: Ground out 6-3 (Groundball, 4M, EV 111.9 MPH) Ziven Badersky scores Carlos Luna to third
|
Batting: RHB Chris Van Niel
|
0-0: Ball 1-0: Foul Ball, location: 2F 1-1: Ball 2-1: Ball 3-1: Ground out 4-3 (Groundball, 4, EV 90.0 MPH) Carlos Luna scores
|
Batting: RHB John Vasquez
|
0-0: Ground out 6-3 (Groundball, 6S, EV 72.5 MPH)
|
Bottom of the 9th over - 2 runs, 1 hit, 0 errors, 0 left on base; Burlington 4 - Seattle (APP) 3 |
|